 Dungeon Crawl Stone Soup version 0.23-a0-370-gf497b7c (webtiles) character file.

476 lemonriz the Changer (level 6, -4/52 HPs)
             Began as a Draconian Transmuter on Oct 24, 2018.
             Was a Follower of Cheibriados.
             Slain by a sky beast (5 damage)
             ... on level 4 of the Dungeon.
             The game lasted 00:04:35 (2708 turns).

lemonriz the Changer (Draconian Transmuter)         Turns: 2708, Time: 00:04:36

Health: -4/52      AC:  2    Str: 14    XL:     6   Next: 84%
Magic:  6/9        EV: 19    Int: 22    God:    Cheibriados [*.....]
Gold:   200        SH:  0    Dex: 18    Spells: 3/9 levels left

rFire    . . .     SeeInvis .     - Unarmed
rCold    . . .     Gourm    .   (shield currently unavailable)
rNeg     . . .     Faith    .   (armour unavailable)
rPois    x         Spirit   .   (helmet currently unavailable)
rElec    .         Reflect  .   (cloak currently unavailable)
rCorr    .         Harm     .   (gloves currently unavailable)
MR       .....                  (boots currently unavailable)
Stlth    ++........             (no amulet)
HPRegen  0.17/turn              (no ring)
MPRegen  0.11/turn              p - +4 ring of intelligence

@: spider-form, very slow
A: tiny, unfitting armour, AC +6
a: End Transformation, Bend Time, Renounce Religion


You were on level 4 of the Dungeon.
You worshipped Cheibriados.
Cheibriados was aware of your devotion.
You were not hungry.
You were a venomous arachnid creature.
You visited 1 branch of the dungeon, and saw 4 of its levels.

You collected 200 gold pieces.

Inventory:

Missiles
 a - 91 arrows
Jewellery
 p - a +4 ring of intelligence (right front leg)
Scrolls
 f - 3 scrolls of remove curse
 h - a scroll of random uselessness {unknown}
 i - 2 scrolls of enchant armour
 n - 3 scrolls of identify {unknown}
 o - a scroll of amnesia {unknown}
 r - 2 scrolls of enchant weapon {unknown}
Potions
 b - 2 potions of curing {unknown}
 d - a potion of degeneration {unknown}
 e - a potion of resistance {unknown}
 j - 2 potions of mutation {unknown}
 k - a potion of cancellation {unknown}
 l - a potion of haste {unknown}
 s - a potion of berserk rage {unknown}
 t - a potion of brilliance {unknown}
 u - 3 potions of lignification {unknown}
Comestibles
 c - 7 rations
 g - 2 chunks of flesh


   Skills:
 + Level 3.9 Fighting
 - Level 1.7 Dodging
 + Level 4.6 Unarmed Combat
 - Level 2.0 Spellcasting
 * Level 5.4 Transmutations


You had 3 spell levels left.
You knew the following spells:

 Your Spells              Type           Power        Failure   Level  Hunger
a - Beastly Appendage     Tmut           ####..       7%          1    #......
b - Sticks to Snakes      Tmut           ####....     9%          2    ##.....
c - Spider Form           Tmut/Pois      ##........   32%         3    ###....

Your spell library contained the following spells:

 Spells                   Type           Power        Failure   Level  Hunger
 Blade Hands              Tmut           ####......   61%         5    ######.
 Ice Form                 Ice/Tmut       ##......     63%         4    #####..
 Summon Lightning Spire   Summ/Air       #.......     92%         4    #####..
 Silence                  Hex/Air        #.........   99%         5    ######.
 Conjure Ball Lightning   Conj/Air       #.........   100%        6    #######
 Deflect Missiles         Chrm/Air       #.........   100%        6    #######
 Tornado                  Air            #.........   100%        9    #######


Dungeon Overview and Level Annotations

Branches:
Dungeon (4/15)
 Temple: D:4-7

Altars:
Cheibriados
Dithmenos
Uskayaw
The Shining One


Innate Abilities, Weirdness & Mutations

((Your plain brown scales are hard. (AC +6)))
You cannot fit into any form of body armour.
((You are cold-blooded and may be slowed by cold attacks.))


Message History

Something shocks you.
Casting: Beastly Appendage (safe; 1% risk of failure)
Confirm with . or Enter, or press ? or * to list all spells.
Your talons disappear.
You turn into a venomous arachnid creature.
Something completely misses you.
You hit something but do no damage. Something hits you. Something shocks you.
* * * LOW HITPOINT WARNING * * *
You hit something but do no damage. Something misses you.
You closely miss something. Something closely misses you.
You closely miss something. Something hits you.
* * * LOW HITPOINT WARNING * * *
Something shocks you.
* * * LOW HITPOINT WARNING * * *
A sky beast appears from thin air!
Reactivating autopickup.
The sky beast hits you.
* * * LOW HITPOINT WARNING * * *
The sky beast shocks you.
You die...

#.#
##.##########
#.#
######.####
#..
...........#
###
##########.#
#.# #.# #.#
#########.#
.......s..#
########Y.#
#>ยง#
#...........#
#.##.........
# #..#####.#
...# ##..#
#..#


You could see a sky beast.

Vanquished Creatures
  Grinder (D:4)
  An ogre (D:4)
  2 orc wizards (D:4)
  An iguana (D:4)
  Jessica (D:2)
  A worker ant (D:4)
  An adder (D:3)
  A dart slug (D:1)
  2 leopard geckos
  8 orcs
  2 giant cockroaches
  A goblin (D:3)
  4 hobgoblins
  4 jackals (D:2)
  7 kobolds
  3 quokkas (D:3)
  2 ball pythons
  7 bats
  4 frilled lizards
  7 rats
60 creatures vanquished.

Vanquished Creatures (collateral kills)
  An orc (D:4)
1 creature vanquished.

Grand Total: 61 creatures vanquished

Notes
Turn   | Place    | Note
-------+----------+-------------------------------------------
     0 | D:1      | lemonriz the Draconian Transmuter began the quest for the
                  | Orb.
     0 | D:1      | Reached XP level 1. HP: 16/16 MP: 3/3
   541 | D:1      | Reached XP level 2. HP: 20/23 MP: 3/5
  1063 | D:2      | Found a hide-covered altar of Uskayaw.
  1491 | D:2      | Found a glowing golden altar of the Shining One.
  1538 | D:2      | Reached XP level 3. HP: 24/29 MP: 4/6
  1557 | D:2      | Learned a level 2 spell: Sticks to Snakes
  1561 | D:2      | Learned a level 3 spell: Spider Form
  1569 | D:2      | Noticed Jessica
  1576 | D:2      | Killed Jessica
  1576 | D:2      | Reached skill level 3 in Transmutations
  1738 | D:3      | Reached XP level 4. HP: 32/36 MP: 3/7
  1798 | D:3      | Found a shadowy altar of Dithmenos.
  1829 | D:3      | Found a snail-covered altar of Cheibriados.
  1842 | D:3      | Became a worshipper of Cheibriados the Contemplative
  2156 | D:4      | Noticed an ogre
  2164 | D:4      | Killed an ogre
  2164 | D:4      | Reached skill level 4 in Transmutations
  2164 | D:4      | Reached XP level 5. HP: 32/44 MP: 4/8
  2243 | D:4      | Reached * piety under Cheibriados
  2271 | D:4      | Noticed Grinder
  2273 | D:4      | Paralysed by Grinder for 4 turns
  2286 | D:4      | Killed Grinder
  2286 | D:4      | Reached skill level 5 in Transmutations
  2286 | D:4      | Reached XP level 6. HP: 3/52 MP: 5/9
  2689 | D:4      | Noticed a sky beast
  2708 | D:4      | HP: 1/52 [sky beast (2)]
  2708 | D:4      | Slain by a sky beast

Vault maps used:
D:1:      kennysheep_arrival_forest, minmay_misc_feat_more_columns
D:2:      lemuel_round_altar, tso_altar, uniq_jessica
D:3:      lemuel_crystal_altar, lemuel_round_altar, first_ration
D:4:      minmay_misc_feat_columns, minmay_misc_feat_four_crosses, uniq_grinder,
          uniq_blork_the_orc

Skill      XL: |  1  2  3  4  5 |
---------------+----------------+-----
Fighting       | 2 3 |  3.9
Transmutations | 3 4 5 |  5.4
Unarmed Combat | 4 |  4.6
Dodging        | |  1.7
Spellcasting   | |  2.0

Action                   |  1- 3 |  4- 6 || total
-------------------------+-------+-------++-------
Melee: Unarmed           |   138 |   100 ||   238
       Tailslap          |     9 |     5 ||    14
       Headbutt          |     3 |     1 ||     4
       Kick              |     2 |       ||     2
       Punch             |       |     1 ||     1
 Cast: Beastly Appendage |     8 |     2 ||    10
       Spider Form       |     1 |     5 ||     6
       Sticks to Snakes  |       |     2 ||     2
  Use: Scroll            |       |     4 ||     4
 Stab: Sleeping          |       |     1 ||     1
  Eat: Chunk             |     3 |     3 ||     6
Armor: Skin              |    47 |    20 ||    67
Dodge: Dodged            |    87 |    55 ||   142

Table legend:
 A = Non-vault XP
 B = Vault XP
 C = Vault XP percentage of total XP
 D = Non-vault monster count
 E = Vault monster count
 F = Vault count percentage of total count
                 A         B        C        D         E       F
            +---------+---------+-------+---------+---------+-------
      Total |     366 |     314 |  46.2 |      59 |       2 |   3.3
            +---------+---------+-------+---------+---------+-------
        D:1 |      23 |       0 |   0.0 |      15 |       0 |   0.0
        D:2 |      22 |      37 |  62.7 |      13 |       1 |   7.1
        D:3 |      39 |       0 |   0.0 |      16 |       0 |   0.0
        D:4 |     282 |     277 |  49.6 |      15 |       1 |   6.2
            +---------+---------+-------+---------+---------+-------
